 Dungeon Crawl Stone Soup version 0.25.1-8-g42b30a86e7 (webtiles) character file.

Game seed: 1229970423532631505

99 Clowwww the Skirmisher (level 4, 49/49 HPs)
             Began as an Ogre Berserker on Dec 6, 2020.
             Was a Believer of Trog.
             Quit the game on level 2 of the Dungeon.
             The game lasted 00:04:25 (2764 turns).

Clowwww the Skirmisher (Ogre Berserker)             Turns: 2764, Time: 00:04:25

Health: 49/49      AC:  3    Str: 21    XL:     4   Next: 72%
Magic:  4/4        EV: 10    Int:  8    God:    Trog [**....]
Gold:   110        SH:  0    Dex:  9    Spells: 3/3 levels left

rFire    . . .     SeeInvis .   a - +0 falchion
rCold    . . .     Gourm    .   (no shield)
rNeg     . . .     Faith    .   b - +0 animal skin
rPois    .         Spirit   .   (helmet restricted)
rElec    .         Reflect  .   (no cloak)
rCorr    .         Harm     .   (gloves unavailable)
MR       .....                  (boots unavailable)
Stlth    +.........             (no amulet)
HPRegen  0.16/turn              (no ring)
MPRegen  0.09/turn              (no ring)

@: no status effects
A: large, unfitting armour, tough skin 1
a: Berserk, Trog's Hand, Renounce Religion


You were on level 2 of the Dungeon.
You worshipped Trog.
Trog was pleased with you.
You were not hungry.

You visited 1 branch of the dungeon, and saw 2 of its levels.

You collected 110 gold pieces.

Inventory:

Hand Weapons
 a - a +0 falchion (weapon)
Armour
 b - a +0 animal skin (worn)
Jewellery
 i - an uncursed amulet of regeneration {unknown}
 l - an uncursed amulet of magic regeneration {unknown}
Scrolls
 d - 3 scrolls of remove curse {unknown}
 f - 3 scrolls of amnesia {unknown}
 j - a scroll of fog {unknown}
 k - a scroll of blinking {unknown}
 o - 2 scrolls of identify {unknown}
Potions
 e - a potion of curing {unknown}
 g - a potion of degeneration {unknown}
 h - a potion of haste {unknown}
 m - 2 potions of stabbing {unknown}
 n - a potion of heal wounds {unknown}
 p - a potion of lignification {unknown}
Comestibles
 c - 4 rations


   Skills:
 + Level 4.9 Fighting
 + Level 3.6 Long Blades
 + Level 3.3 Dodging
 + Level 0.9 Stealth


You had 3 spell levels left.
You didn't know any spells.
Your spell library was empty.

Dungeon Overview and Level Annotations

Branches:
Dungeon (2/15)

Altars:
Ashenzari
Hepliaklqana
Qazlal


Innate Abilities, Weirdness & Mutations

You are too large for most types of armour.
You have tough skin. (AC +1)


Message History

a +0 club; a hobgoblin skeleton
There is an escape hatch in the floor here.
d - 3 scrolls labeled AQAEDEUZUER (gained 1)
A kobold comes into view.
Found a ration.
Found a stone staircase leading up.
You see here a ration.
The helpless kobold fails to defend itself.
You hit the kobold.
You kill the kobold!
Trog accepts your kill.
Found a pair of gloves.
c - 4 rations (gained 1)
There is a stone staircase leading up here.
Found 15 gold pieces.
You see here a pair of gloves.
You now have 110 gold pieces (gained 15).
Done exploring.
Unknown command.
Are you sure you want to abandon this character and quit the game? (Confirm with "yes".)

# #.......# #.# ##
#.#####.# #.# .#
#.#...#.# #.# >#
#)#.#.#.# #.# ##
#..<..#.# #.#
##########.# #.#
...........# #.#
##################.#
#..<........@#.#
#.#....[.....#.#
#.############.#
#..............#
################


There were no monsters in sight!

Vanquished Creatures
  3 adders (D:2)
  An ooze (D:1)
  A worm (D:2)
  3 dart slugs
  4 giant cockroaches
  8 goblins
  9 hobgoblins
  4 jackals (D:1)
  5 bats
  3 frilled lizards
  8 kobolds
  8 rats
57 creatures vanquished.

Notes
Turn   | Place    | Note
-------+----------+-------------------------------------------
     0 | D:1      | Clowwww the Ogre Berserker began the quest for the Orb.
     0 | D:1      | Reached XP level 1. HP: 24/24 MP: 1/1
   145 | D:1      | Reached XP level 2. HP: 22/32 MP: 2/2
   525 | D:1      | Reached XP level 3. HP: 31/40 MP: 3/3
   547 | D:1      | HP: 2/40 [kobold/+0 dagger (2)]
  1477 | D:2      | Found a hazy altar of Hepliaklqana.
  1516 | D:2      | Reached XP level 4. HP: 10/49 MP: 4/4
  1521 | D:2      | Found a stormy altar of Qazlal.
  2012 | D:2      | Found a shattered altar of Ashenzari.
  2035 | D:2      | Reached ** piety under Trog
  2764 | D:2      | Quit the game

Illustrated notes

Levels and vault maps discovered:
D:1:      psy_arrival_conway, layout_basic
D:2:      layout_basic, ashenzari_conservatory_becter, lemuel_doored_altar,
          lemuel_crystal_altar, first_ration

Skill      XL: |  1  2 |
---------------+-------+-----
Long Blades    | 3 |  3.6
Dodging        | 3 |  3.3
Fighting       | |  4.9
Stealth        | |  0.9

Action                   |  1- 3 |  4- 6 || total
-------------------------+-------+-------++-------
Melee: Falchion          |   119 |    58 ||   177
 Stab: Sleeping          |       |     1 ||     1
  Eat: Chunk             |     2 |     4 ||     6
Armor: Animal skin       |    32 |    11 ||    43
Dodge: Dodged            |    82 |    34 ||   116
       Rpst.: Falchion   |    26 |    14 ||    40
